 Dungeon Crawl Stone Soup version 0.24-b1-44-g37ad8b309f (webtiles) character file.

Game seed: 9326789110733419671, levelgen mode: deterministic

402 Edgeworth the Chopper (level 6, -8/56 HPs)
             Began as a Hill Orc Fighter on Oct 23, 2019.
             Killed by nerve-wracking pain
             ... invoked by an orc priest
              (14 damage)
             ... on level 4 of the Dungeon.
             The game lasted 00:06:15 (2948 turns).

Edgeworth the Chopper (Hill Orc Fighter)            Turns: 2948, Time: 00:06:15

Health: -8/56      AC:  7    Str: 21      XL:     6   Next: 85%
Magic:  6/6        EV:  9    Int:  8      God:
Gold:   140        SH:  9    Dex:  8 (10) Spells: 5/5 levels left

rFire    . . .     SeeInvis .   a - +0 war axe
rCold    . . .     Gourm    .   c - +0 shield
rNeg     . . .     Faith    .   i - +2 robe {MR+}
rPois    .         Spirit   .   (no helmet)
rElec    .         Reflect  .   (no cloak)
rCorr    .         Harm     .   q - +2 pair of gloves
MR       +....                  k - -1 pair of boots (curse)
Stlth    +.........             p - amulet of magic regeneration
HPRegen  0.18/turn              (no ring)
MPRegen  0.35/turn              (no ring)

@: no status effects
A: no striking features
a: Convert to Beogh


You were on level 4 of the Dungeon.
You were not hungry.

You visited 1 branch of the dungeon, and saw 4 of its levels.

You collected 140 gold pieces.

Inventory:

Hand Weapons
 a - a +0 war axe (weapon)
Armour
 b - a +0 scale mail
 c - a +0 shield (worn)
 i - a +2 robe of magic resistance (worn)
 k - a cursed -1 pair of boots (worn)
 q - a +2 pair of gloves (worn)
Jewellery
 p - an amulet of magic regeneration (around neck)
Scrolls
 e - 5 scrolls of magic mapping {unknown}
 g - 2 scrolls of remove curse {unknown}
 j - a scroll of identify {unknown}
 l - a scroll of blinking {unknown}
 m - a scroll of teleportation {unknown}
 o - 2 scrolls of fog {unknown}
Potions
 h - a potion of brilliance
Comestibles
 d - a chunk of flesh
 f - 8 rations


   Skills:
 + Level 5.0 Fighting
 + Level 6.4 Axes
 + Level 4.3 Armour
 + Level 4.9 Shields


You had 5 spell levels left.
You didn't know any spells.
Your spell library was empty.

Dungeon Overview and Level Annotations

Branches:
Dungeon (4/15)
 Temple: D:4-7

Altars:
Qazlal
Xom


Message History

You block the orc priest's attack. You block the orc priest's attack.
Items here: )) [ † a +0 hand axe; a +0 ring mail; a +0 trident; an orc corpse You hit the orc priest.
The orc priest is moderately wounded.
The orc priest shouts, "Beogh is our master!
Accept the truth or die!"
You block the orc priest's attack.
You hit the orc priest but do no damage.
The orc priest is moderately wounded.
The orc priest hits you with a +0 trident.
* * * LOW HITPOINT WARNING * * *
You hit the orc priest.
The orc priest is moderately wounded.
The orc priest hits you but does no damage.
You barely miss the orc priest.
The orc priest is moderately wounded.
The orc priest mumbles some strange prayers to Beogh against you.
Pain shoots through your body!
You die...

####......##.##..#
...##....####..#....##
...........###.#..###
............##....#
.............##...#
........<....###..#
.............#.<..####
................#....#
.......)....@o..#....#
................#....#
................#....#
.....#..........#....#
.....###........#....#
.... ##.#######....#
... ... #....# #..
##... ##..


You could see an orc priest.

Vanquished Creatures
  Eustachio (D:4)
  A phantom (D:4)
  An orc wizard (D:3)
  A worker ant (D:3)
  3 adders (D:2)
  An ooze (D:1)
  2 worms
  4 dart slugs
  2 leopard geckos
  7 orcs
  7 bats
  2 giant cockroaches
  9 hobgoblins
  5 jackals
  3 kobolds
  6 frilled lizards
  6 goblins
  4 rats
65 creatures vanquished.

Notes
Turn   | Place    | Note
-------+----------+-------------------------------------------
     0 | D:1      | Edgeworth the Hill Orc Fighter began the quest for the Orb.
     0 | D:1      | Reached XP level 1. HP: 19/19 MP: 1/1
   113 | D:1      | Reached XP level 2. HP: 23/27 MP: 2/2
   219 | D:1      | Reached skill level 3 in Axes
   296 | D:1      | Found a shimmering altar of Xom.
   299 | D:1      | Reached XP level 3. HP: 33/33 MP: 3/3
   938 | D:2      | Reached XP level 4. HP: 30/40 MP: 4/4
   992 | D:2      | Found a stormy altar of Qazlal.
  1069 | D:2      | Reached skill level 4 in Axes
  1537 | D:3      | HP: 1/41 [something (2)]
  1565 | D:3      | Reached XP level 5. HP: 10/47 MP: 5/5
  1927 | D:3      | HP: 2/47 [poisoned by a worker ant]
  2591 | D:4      | Noticed a phantom
  2621 | D:4      | Killed a phantom
  2621 | D:4      | Reached skill level 5 in Axes
  2621 | D:4      | Reached XP level 6. HP: 17/53 MP: 6/6
  2827 | D:4      | Noticed Eustachio
  2849 | D:4      | Killed Eustachio
  2849 | D:4      | Reached skill level 5 in Fighting
  2849 | D:4      | Reached skill level 6 in Axes
  2948 | D:4      | Killed from afar by an orc priest

Skill      XL: |  1  2  3  4  5  6 |
---------------+-------------------+-----
Fighting       | 4 5 |  5.0
Axes           | 3 4 5 6 |  6.4
Shields        | 4 |  4.9
Armour         | 4 |  4.3

Action                   |  1- 3 |  4- 6 || total
-------------------------+-------+-------++-------
Melee: War axe           |   109 |   151 ||   260
  Use: Potion            |       |     5 ||     5
  Eat: Chunk             |       |     7 ||     7
Armor: Scale mail        |    48 |    53 ||   101
       Robe              |       |    36 ||    36
Dodge: Dodged            |    33 |    75 ||   108
Block: Shield            |    59 |    86 ||   145
